Map: Deathaura LE

Players

Ranger - Winner!

  • Race: Protoss Protoss
  • Spawn Location: 11:00

JusticeSimon

  • Race: Protoss Protoss
  • League: Master
  • Spawn Location: 5:00

Event: DreamHack SC2 Masters 2020 Winter

VOD

Have the link to the VOD?

Description

Time

  • Played on: Oct. 17, 2020, 2:51 a.m.
  • Length: 15:36

All games in this series

Show
View Real Time Build Order
Export as new Build Order

Ranger Protoss - Winner!

Build Orders:  

Get SALT Encoding   

  12  0:00  Probe  
  13  0:12  Probe  
  14  0:17  Pylon  
  14  0:24  Probe (Chrono Boost)  
  15  0:36  Probe (Chrono Boost)  
  15  0:37  Gateway  
  15  0:42  Assimilator  
  16  0:45  Probe (Chrono Boost)  
  17  0:53  Probe  
  17  0:55  Assimilator  
  18  1:05  Probe (Chrono Boost)  
  18  1:10  Gateway  
  19  1:17  Probe (Chrono Boost)  
  20  1:21  Probe (Chrono Boost)  
  20  1:25  Cybernetics Core  
  21  1:32  Probe  
  22  1:35  Pylon  
  22  1:44  Probe  
  23  1:56  Probe  
  23  1:59  Warp Gate (Chrono Boost)  
  24  2:01  Adept x2  
  28  2:09  Pylon  
  28  2:14  Probe  
  29  2:21  Pylon  
  29  2:31  Adept x2  
  33  2:55  Nexus  
  33  3:01  Adept  
  35  3:05  Adept  
  37  3:21  Shield Battery  
  37  3:27  Robotics Facility  
  37  3:32  Probe  
  37  3:34  Pylon  
  38  3:44  Probe  
  38  3:46  Shield Battery  
  39  3:59  Stalker x2  
  43  4:06  Probe (Chrono Boost)  
  43  4:12  Probe (Chrono Boost)  
  44  4:18  Probe (Chrono Boost)  
  44  4:22  Twilight Council, Probe (Chrono Boost)  
  45  4:26  Probe  
  45  4:28  Sentry x2  
  46  4:49  Probe  
  46  4:50  Blink (Chrono Boost), Probe  
  46  4:52  Stalker x2  
  46  5:01  Observer, Probe  
  46  5:02  Probe  
  49  5:13  Probe  
  50  5:14  Probe  
  50  5:15  Pylon  
  50  5:16  Stalker x2  
  55  5:25  Probe  
  55  5:27  Assimilator, Probe  
  55  5:28  Pylon  
  57  5:37  Probe  
  57  5:40  Sentry  
  60  5:45  Nexus  
  60  5:56  Probe  
  53  5:59  Probe  
  53  6:08  Probe  
  53  6:11  Stalker x2, Probe  
  59  6:20  Phoenix, Probe  
  59  6:21  Immortal  
  59  6:23  Probe  
  65  6:32  Probe  
  66  6:35  Probe  
  66  6:36  Gateway, Observer  
  66  6:39  Gateway  
  67  6:44  Probe  
  68  6:47  Probe  
  68  6:49  Stalker  
  68  6:51  Stalker  
  73  6:54  Assimilator  
  73  6:56  Probe  
  74  7:02  Immortal (Chrono Boost)  
  78  7:14  Stalker x2  
  80  7:16  Probe  
  80  7:17  Probe  
  80  7:20  Probe  
  76  7:31  Probe  
  76  7:32  Probe  
  78  7:37  Stalker x2  
  82  7:45  Warp Prism  
  62  8:10  Stalker x4  
  70  8:13  Probe x2  
  72  8:24  Probe  
  72  8:25  Probe  
  74  8:33  Stalker x2  
  78  8:36  Sentry x2  
  68  8:58  Stalker, Observer  
  68  8:59  Stalker  
  68  9:00  Stalker  
  74  9:05  Probe x2  
  74  9:09  Stalker  
  76  9:11  Probe  
  80  9:17  Immortal  
  80  9:31  Probe  
  81  9:32  Probe x2  
  81  9:35  Sentry  
  81  9:36  Stalker x2  
  81  9:37  Sentry  
  81  9:38  Observer  
  91  9:51  Gateway  
  91  9:52  Gateway  
  91  9:55  Charge (Chrono Boost)  
  91  9:57  Pylon  
  88  10:04  Phoenix  
  88  10:10  Forge  
  88  10:11  Probe x2  
  88  10:12  Probe  
  91  10:18  Sentry  
  91  10:19  Sentry  
  95  10:23  Probe x2  
  97  10:36  Probe  
  97  10:37  Probe x2  
  97  10:39  Templar Archives  
  97  10:42  Shield Battery  
  100  10:43  Shield Battery  
  100  10:49  Probe  
  101  11:02  Protoss Ground Weapons Level 1 (Chrono Boost)  
  101  11:05  Pylon  
  101  11:06  Pylon  
  101  11:08  Pylon, Observer  
  101  11:18  Assimilator  
  101  11:20  Assimilator  
  101  11:21  Pylon  
  101  11:23  Probe x3  
  104  11:34  Stalker x2  
  104  11:35  Probe x2  
  104  11:38  Stalker  
  111  11:45  Phoenix  
  111  11:46  Stalker  
  111  11:48  Observer (Chrono Boost)  
  111  11:49  High Templar x2  
  111  11:51  Probe x2 (Chrono Boost)  
  119  11:54  Probe (Chrono Boost)  
  119  11:56  Pylon  
  119  11:59  Pylon  
  120  12:01  Archon  
  120  12:02  Robotics Bay, Probe (Chrono Boost)  
  120  12:04  Probe (Chrono Boost)  
  120  12:07  Probe (Chrono Boost)  
  120  12:08  Probe (Chrono Boost)  
  123  12:17  Phoenix x2  
  123  12:21  Stalker x3  
  123  12:22  Stalker  
  129  12:30  Probe  
  129  12:37  High Templar x2  
  129  12:39  Probe  
  129  12:40  Probe  
  129  12:42  Probe  
  129  12:44  Archon  
  136  12:47  Stalker x2  
  136  12:48  Stalker  
  142  12:51  Stalker  
  142  12:55  Photon Cannon  
  144  13:06  Protoss Ground Weapons Level 2 (Chrono Boost)  
  144  13:09  Photon Cannon  
  144  13:11  Archon x2, Pylon  
  144  13:13  Pylon  
  144  13:14  Pylon  
  140  13:36  Stalker x4  
  140  13:37  Stalker x2  
  140  13:46  Disruptor  
  133  13:50  Photon Cannon  
  125  14:00  Stalker x3  
  125  14:01  Stalker x2  
  128  14:10  Sentry  
  128  14:11  Robotics Facility  
  126  14:23  Zealot x3  
  126  14:24  Zealot  
  108  14:30  Zealot  
  100  14:39  Zealot  
  100  14:40  Immortal  
  100  14:44  Zealot  
  100  14:45  Zealot x3  
  106  14:53  Gateway  
  106  14:54  High Templar  
  108  15:01  High Templar  
  108  15:02  High Templar x2  
  114  15:08  Archon x2  
  114  15:10  Zealot x2  
Show
View Real Time Build Order
Export as new Build Order

JusticeSimon Protoss 

Build Orders: Oracle Opening, Phoenix Opening 

Get SALT Encoding   

  12  0:00  Probe  
  13  0:12  Probe  
  14  0:17  Pylon  
  14  0:24  Probe (Chrono Boost)  
  15  0:36  Probe (Chrono Boost)  
  15  0:37  Gateway  
  16  0:45  Probe (Chrono Boost)  
  16  0:48  Assimilator  
  17  0:50  Probe  
  18  1:03  Probe (Chrono Boost)  
  19  1:04  Assimilator  
  19  1:11  Gateway  
  19  1:14  Probe (Chrono Boost)  
  20  1:18  Probe (Chrono Boost)  
  21  1:28  Cybernetics Core  
  21  1:29  Probe  
  22  1:38  Pylon  
  22  1:41  Probe  
  23  1:56  Probe  
  24  2:05  Stalker, Warp Gate, Sentry  
  24  2:08  Probe  
  29  2:12  Pylon  
  29  2:20  Probe  
  29  2:22  Pylon  
  30  2:34  Stargate  
  30  2:49  Phoenix  
  30  2:52  Nexus  
  30  2:59  Shield Battery  
  29  3:14  Pylon  
  29  3:16  Shield Battery  
  29  3:23  Oracle (Chrono Boost)  
  29  3:24  Probe  
  33  3:36  Probe  
  34  3:43  Twilight Council  
  34  3:48  Shield Battery, Probe  
  35  3:53  Oracle  
  38  4:00  Probe  
  36  4:09  Stalker x2  
  40  4:15  Gateway  
  40  4:20  Probe  
  41  4:30  Probe  
  42  4:32  Probe  
  42  4:34  Stalker  
  38  4:47  Blink (Chrono Boost), Probe x2 (Chrono Boost)  
  37  4:58  Probe (Chrono Boost)  
  39  5:00  Probe (Chrono Boost)  
  39  5:04  Probe (Chrono Boost)  
  40  5:08  Probe (Chrono Boost)  
  40  5:13  Stalker  
  44  5:15  Stalker, Probe (Chrono Boost)  
  44  5:19  Probe (Chrono Boost)  
  47  5:21  Probe (Chrono Boost)  
  47  5:24  Probe (Chrono Boost)  
  49  5:30  Probe  
  50  5:36  Probe  
  50  5:37  Forge  
  50  5:42  Probe  
  52  5:45  Sentry  
  52  5:48  Stalker, Probe  
  57  5:54  Probe  
  58  6:04  Probe  
  59  6:06  Pylon, Probe  
  59  6:08  Pylon  
  59  6:11  Robotics Facility  
  60  6:17  Stalker  
  62  6:26  Stalker  
  62  6:30  Nexus  
  62  6:32  Protoss Ground Weapons Level 1 (Chrono Boost)  
  64  6:36  Probe x2  
  66  6:41  Assimilator  
  66  6:46  Pylon  
  66  6:48  Probe x2  
  68  7:00  Gateway, Probe  
  69  7:02  Gateway  
  69  7:03  Probe  
  69  7:08  Stalker  
  72  7:12  Probe  
  71  7:26  Probe x2, Immortal (Chrono Boost)  
  71  7:27  Stalker  
  71  7:28  Charge (Chrono Boost)  
  76  7:38  Shield Battery, Probe  
  76  7:39  Probe  
  73  7:46  Stalker  
  73  7:50  Probe  
  75  7:54  Stalker  
  65  8:11  Stalker x2  
  66  8:13  Zealot  
  68  8:20  Zealot  
  68  8:23  Probe x2  
  71  8:28  Immortal  
  75  8:35  Probe  
  75  8:36  Zealot x3  
  65  8:59  Stalker x3  
  71  9:05  Immortal (Chrono Boost)  
  75  9:12  Zealot  
  75  9:15  Shield Battery  
  77  9:19  Gateway  
  77  9:25  Pylon  
  77  9:32  Assimilator  
  77  9:36  Shield Battery  
  77  9:39  Probe  
  77  9:40  Pylon  
  78  9:47  Stalker, Sentry x2  
  78  9:48  Stalker  
  86  10:01  Probe  
  86  10:04  Warp Prism  
  89  10:15  Protoss Ground Weapons Level 2 (Chrono Boost)  
  89  10:21  Nexus  
  89  10:24  Pylon  
  89  10:32  Dark Shrine  
  89  10:38  Zealot  
  89  10:39  Zealot  
  89  10:40  Observer  
  94  10:44  Pylon  
  94  10:51  Pylon  
  94  11:01  Probe x2, Immortal (Chrono Boost)  
  100  11:08  Gateway  
  100  11:13  Probe  
  100  11:14  Probe  
  102  11:19  Shield Battery  
  102  11:25  Probe  
  103  11:26  Probe  
  104  11:34  Probe  
  104  11:37  Probe  
  104  11:38  Probe  
  107  11:47  Probe (Chrono Boost)  
  105  11:49  Probe (Chrono Boost)  
  105  11:54  Templar Archives  
  100  11:55  Probe (Chrono Boost)  
  100  11:57  Dark Templar  
  100  11:58  Dark Templar x3  
  100  11:59  Dark Templar, Probe (Chrono Boost)  
  112  12:10  Assimilator  
  112  12:11  Observer (Chrono Boost)  
  112  12:12  Assimilator  
  107  12:26  Probe x2  
  107  12:29  Immortal (Chrono Boost)  
  107  12:34  High Templar x2  
  113  12:41  Zealot x4  
  113  12:42  Archon  
  121  12:44  Gateway  
  121  12:46  Photon Cannon  
  121  12:47  Gateway  
  121  12:53  Photon Cannon x2  
  121  12:54  Probe  
  121  12:55  Probe  
  123  12:59  Warp Prism (Chrono Boost)  
  123  13:05  High Templar x2  
  129  13:08  High Templar x2  
  129  13:11  Archon  
  129  13:12  Archon  
  133  13:15  Pylon  
  133  13:22  Pylon  
  133  13:32  Probe x2  
  131  13:34  Zealot  
  131  13:35  Zealot  
  131  13:40  Zealot  
  131  13:41  Zealot x4  
  117  13:50  Zealot  
  113  14:00  Zealot  
  113  14:01  Zealot  
  101  14:06  Dark Templar x3  
  101  14:07  Dark Templar x2  
  81  14:24  Stalker  
  81  14:25  Stalker  
  58  14:40  Zealot x5  
  58  14:45  Probe x3  
  60  14:53  High Templar x2  
  60  14:57  Archon, Probe  
  65  15:03  High Templar x3  
  65  15:04  High Templar  
  65  15:05  Observer  
  70  15:07  Archon x2  
  70  15:12  Zealot  
Tags
 
Add a new tag
Caveats
  • Supply blocks, unpowered buildings, or Contaminate may cause inaccurate times.
  • Supply counts are checked every 10 seconds.